[Event "Early-Titled-Tuesday-Blitz-September-05-2023"]
[Site "Chess.com"]
[Date "2023.09.05"]
[Round "2"]
[White "BogdanDeac"]
[Black "MKlose11"]
[Result "1-0"]
[WhiteElo "3041"]
[BlackElo "2657"]
[TimeControl "180+1"]
[EndTime "8:18:14 PDT"]
[Termination "BogdanDeac won by resignation"]

1. b3 Nf6 2. Bb2 g6 3. Nf3 Bg7 4. g3 c5 5. c4 Nc6 6. Bg2 d6 7.
O-O O-O 8. d4 cxd4 9. Nxd4 Bd7 10.
Nc2 Qa5 11. Nc3 Qh5 12. Ne3 Rfe8 13. Qd2 Rac8 14. Ncd5 Nxd5 15. Nxd5 Bxb2 16. Qxb2 Be6 17. Nf4 Qe5 18. Qxe5 dxe5 19. Nxe6 fxe6 20. Rfd1 Red8 21. e3 Rd6 22. c5 Rdd8 23. a3 b6 24. Rxd8+ Nxd8 25. cxb6 axb6 26. a4 Nf7 27. b4 Nd6 28. a5 bxa5 29. bxa5 e4 30. a6 Ra8 31. h4 Ra7 32. Bf1 Kf7 33. Kg2 Kf6 34. g4 h6 35.
Ra5 e5 36. Be2 g5 37. hxg5+ hxg5 38. Kf1 Ke6 39. Ke1 Nf7 40. Bc4+ Kf6 41. Bxf7 Kxf7 42. Kd2 Ke6 43. Kc3 Kd6 44. Kc4 Kc6 45. Rxe5 Kd6 46. Ra5 Ra8 47. a7 Kc6 48. Kd4 Kb6 49. Ra1 Kb7 50.
Kxe4 e6 51. Ke5 Kb6 52. f4 gxf4 53. exf4 Kb7 54. g5 Kc7 55. g6 Kd7 56. g7 Ke7 57. g8=Q 1-0

[Event "Early-Titled-Tuesday-Blitz-September-05-2023"]
[Site "Chess.com"]
[Date "2023.09.05"]
[Round "2"]
[White "Vuk2000"]
[Black "EpicPlayz282"]
[Result "1-0"]
[WhiteElo "2749"]
[BlackElo "2399"]
[TimeControl "180+1"]
[EndTime "8:18:14 PDT"]
[Termination "Vuk2000 won by resignation"]

1. d4 Nf6 2. Bg5 d5 3. Bxf6 exf6 4. e3 Bd6 5. c4 dxc4 6. Bxc4 O-O 7. Nc3 c6 8. Nf3 Nd7 9. O-O f5 10. Rb1 Nf6 11.
Qc2 Qe7 12. Rfd1 b5 13. Bd3 g6 14. e4 b4 15. e5 bxc3 16. exd6 Qxd6 17. bxc3 Be6 18. c4 Rfb8 19. h3 Rxb1 20. Rxb1 Rb8 21. Rxb8+ Qxb8 22. Qa4 Qb6 23. Qa3 Ne4 24. Qb3 f6 25.
Qc2 Ng5 26. Nxg5 fxg5 27. Qe2 Kf7 28. Qe5 Qd8 29. Qc5 Qd7 30. Be2 Qb7 31. a4 Qb1+ 32.
Bf1 Qe4 33. Qxa7+ Kf6 34. Qc5 g4 35. Qf8+ Kg5 36. Qd8+ Kh5 37. hxg4+ fxg4 38. Qd6 Kh6 39. a5 Qe1 40. Qe5 Qxe5 41. dxe5 Bc8 42. c5 Kg7 43. Bc4 Kf8 44. a6 Ke7 45. e6 Ke8 46. Kf1 Ke7 47. Ke2 h5 48. Ke3 g5 49.
f3 g3 50. f4 g4 51. f5 h4 52. Kf4 h3 53. Kxg3 hxg2 54. Kxg2 Kf6 55. Kg3 Ke7 56. Kxg4 Kf6 57. Kf4 Ke7 58. Ke5 1-0

[Event "Early-Titled-Tuesday-Blitz-September-05-2023"]
[Site "Chess.com"]
[Date "2023.09.05"]
[Round "2"]
[White "the_drake"]
[Black "noblerone"]
[Result "0-1"]
[WhiteElo "2369"]
[BlackElo "2545"]
[TimeControl "180+1"]
[EndTime "8:18:14 PDT"]
[Termination "noblerone won by resignation"]

1. d4 d5 2. c4 c6 3. Nc3 Nf6 4. cxd5 cxd5 5. Bg5 Ne4 6. Bf4 Nxc3 7. bxc3 Nc6 8. e3 Qa5 9. Qd2 Bf5 10. Nf3 e6 11. Bd3 Bxd3 12. Qxd3 Be7 13. O-O O-O 14. Rfb1 b6 15. a3 Rac8 16. c4 Qa6 17. Nd2 Na5 18.
Rc1 Nxc4 19. a4 Bb4 20. Nf3 f6 21. e4 Qb7 22. exd5 exd5 23. Qf5 Rfe8 24. Rab1 a5 25. h4 Qf7 26. h5 Qe6 27. Qd3 Qe4 28. Qxe4 dxe4 29.
Nh4 Red8 30. Nf5 Kf7 31. g4 g6 32. Ng3 Rxd4 33. Be3 Rdd8 34. Nxe4 Ne5 35. Rxc8 Rxc8 36. Rxb4 axb4 37. Nd6+ Ke6 38. Nxc8 Nxg4 39. Nxb6 b3 40. hxg6 b2 41. gxh7 b1=Q+ 42. Kg2 Qxh7 43. Nc4 Nxe3+ 44. Nxe3 Qe4+ 45. Kg3 Qxa4 46. Kf3 f5 47. Kg3 Qe4 48. Ng2 Qg4+ 49. Kh2 f4 50. Ne1 Qe2 51. Ng2 Qxf2 52.
Kh1 f3 53. Nf4+ Kf7 0-1

[Event "Early-Titled-Tuesday-Blitz-September-05-2023"]
[Site "Chess.com"]
[Date "2023.09.05"]
[Round "2"]
[White "skinerd6"]
[Black "Tugrik1969"]
[Result "0-1"]
[WhiteElo "2253"]
[BlackElo "2484"]
[TimeControl "180+1"]
[EndTime "8:18:15 PDT"]
[Termination "Tugrik1969 won by resignation"]

1. d4 Nf6 2. c4 e6 3. Nf3 c5 4. d5 exd5 5. cxd5 d6 6. Nc3 g6 7. Nd2 Bg7 8. Nc4 O-O 9. Bf4 Ne8 10. Qd2 b6 11. a4 Ba6 12. Nb5 Bxb5 13. axb5 Nd7 14.
e3 Ne5 15. Be2 Nxc4 16. Bxc4 Be5 17. Bg3 Qe7 18. O-O h5 19. Ra3 h4 20. Bf4 h3 21. gxh3 Bxf4 22. exf4 Qe4 23. Bd3 Qxd5 24. f5 c4 25. fxg6 cxd3 26. Rxd3 Qf5 27. Rd5 Qf6 28.
Kh1 Ng7 29. Rxd6 Qf3+ 30. Kg1 Qxh3 31. Rd1 Rae8 32. Qd5 Qg4+ 33. Kh1 Qe4+ 34. Qxe4 Rxe4 35. Rd7 fxg6 36. Rxa7 Rxf2 37. Kg1 Rxb2 38. Ra8+ Kh7 39. Ra7 Kh6 40. Rb7 Rxb5 41. Kg2 Nf5 42. Rd2 Reb4 43. Kf2 Rb2 44. Rxb2 Rxb2+ 45. Kg1 b5 46. h3 b4 47. Kf1 b3 48. Rb4 Ne3+ 49. Ke1 Nd5 50. Rb5 Nf4 51. h4 Ng2+ 52. Kd1 Nxh4 53. Kc1 Rc2+ 54. Kb1 Rc3 55.
Rb4 Nf5 56. Kb2 Rg3 0-1

[Event "Early-Titled-Tuesday-Blitz-September-05-2023"]
[Site "Chess.com"]
[Date "2023.09.05"]
[Round "2"]
[White "Legendinunknown"]
[Black "Andrej2004"]
[Result "1-0"]
[WhiteElo "2837"]
[BlackElo "2571"]
[TimeControl "180+1"]
[EndTime "8:18:18 PDT"]
[Termination "Legendinunknown won by resignation"]

1. e4 b6 2. d4 Bb7 3. Bd3 g6 4. c3 Bg7 5. Nf3 d6 6. Bg5 h6 7. Bh4 Nd7 8. Nbd2 g5 9. Bg3 Ngf6 10. h4 g4 11. Nh2 h5 12. f3 gxf3 13. gxf3 e5 14. d5 Qe7 15. Nhf1 Bh6 16. Qe2 a6 17. Ne3 Bxe3 18. Qxe3 O-O-O 19. O-O-O Rdg8 20. Rdg1 Rg6 21. Qe2 Rhg8 22. Nf1 Nc5 23. Bc2 Kb8 24. Rg2 Qe8 25. Rhg1 Qb5 26. c4 Qa5 27. Kb1 b5 28. Ne3 bxc4 29. Nxc4 Qb5 30. b3 a5 31. Be1 Rxg2 32. Rxg2 Rxg2 33. Qxg2 a4 34. Na3 Qb6 35. b4 Ncd7 36.
Bxa4 Qe3 37. Nc2 Qd3 38. Kc1 Nb6 39. Bb3 Nc4 40. Qg7 Nd7 41. Qxf7 Ndb6 42. Qxh5 Ne3 43. Nxe3 Qxe3+ 44. Bd2 Qg1+ 45. Kc2 Ba6 46. Qg5 Qf1 47. Qe3 Qa1 48. Bc3 Qh1 49. a4 Nc4 50. Qf2 Na3+ 51. Kb2 Nc4+ 52. Ka2 Qc1 53. Bb2 Nxb2 54. Qxb2 Qf4 55.
b5 Bc8 56. Bc2 Qxf3 57. b6 Qf2 58. bxc7+ Kxc7 59. Qc3+ Kd8 60. h5 Qh2 61. Qc6 Bd7 62.
Qb6+ Ke7 63. Kb2 Qxh5 64. a5 Qh2 65. a6 Qf2 66. Qxf2 1-0

[Event "Early-Titled-Tuesday-Blitz-September-05-2023"]
[Site "Chess.com"]
[Date "2023.09.05"]
[Round "2"]
[White "jlf287"]
[Black "Bobbybunny"]
[Result "1-0"]
[WhiteElo "2465"]
[BlackElo "2146"]
[TimeControl "180+1"]
[EndTime "8:18:19 PDT"]
[Termination "jlf287 won on time"]

1. d4 Nf6 2. c4 c5 3. d5 b5 4. cxb5 a6 5. bxa6 e6 6. Nc3 exd5 7. Nxd5 Nxa6 8. Bg5 Be7 9. Nxe7 Qxe7 10. Nf3 h6 11.
Bh4 Rb8 12. e3 Rxb2 13. Bc4 Bb7 14. O-O Rb6 15. Rb1 Rxb1 16. Qxb1 Bxf3 17. Bxa6 Bc6 18. Qb8+ Qd8 19. Qe5+ Qe7 20. Qb8+ Qd8 21. Qxd8+ Kxd8 22.
Bxf6+ gxf6 23. Bc4 Ke7 24. Rd1 Rb8 25. f3 Rb2 26. e4 Bb5 27. Bd5 Bc6 28. Bb3 Bb5 29.
Rc1 d6 30. h3 h5 31. h4 Rd2 32.
Kh2 Rd4 33. Bd5 c4 34. Kg3 f5 35. Kf4 fxe4 36. fxe4 Rd2 37. g3 Rxa2 38. Bxc4 Bxc4 39. Rxc4 Rf2+ 40. Kg5 Rf3 41. g4 hxg4 42. Kxg4 Rf1 43. Kg5 f6+ 44. Kg6 Rg1+ 45. Kf5 Rf1+ 46. Kg6 Rg1+ 47.
Kf5 Rf1+ 48. Kg4 Rg1+ 49. Kh5 Ke6 50. Kh6 Rg4 51. h5 Ke5 52. Kh7 f5 53. Rc7 fxe4 54.
h6 d5 55. Rg7 1-0

[Event "Early-Titled-Tuesday-Blitz-September-05-2023"]
[Site "Chess.com"]
[Date "2023.09.05"]
[Round "2"]
[White "cthulhuuu"]
[Black "GMG"]
[Result "0-1"]
[WhiteElo "2458"]
[BlackElo "2784"]
[TimeControl "180+1"]
[EndTime "8:18:20 PDT"]
[Termination "GMG won by resignation"]

1. e4 c5 2. Nf3 Nc6 3. g3 g6 4. Bg2 Bg7 5. O-O d6 6. d3 e5 7.
Nc3 Nge7 8. Nd2 a6 9. a4 h5 10. h3 Be6 11. Nc4 b6 12. Nd5 Bxd5 13. exd5 Nb4 14. Ne3 a5 15. c3 Na6 16. Nc4 O-O 17. f4 exf4 18. Bxf4 Nf5 19. Qd2 Ra7 20. g4 hxg4 21. hxg4 Ne7 22. Bxd6 Rd7 23. Qf4 f5 24. g5 Re8 25. Rae1 Nc8 26. Rxe8+ Qxe8 27. Be5 Bxe5 28. Nxe5 Re7 29. Nc6 Re2 30. d6 Rxg2+ 31. Kxg2 Qxc6+ 32.
Kg3 Qxd6 33. Re1 Kf7 34. Re5 Nb8 35. d4 Nc6 36. Re1 Qxf4+ 37. Kxf4 cxd4 38. cxd4 Nxd4 39. Rd1 Ne6+ 40. Ke5 Ke7 41. Rc1 Kd7 42. Rd1+ Ke7 43. Rc1 Nc5 44. Kd5 Na7 45. Re1+ Kd7 46. Kc4 Nc6 47.
Kb5 Nd3 48. Rd1 Ne5 49. Kxb6 Nc4+ 50. Kb5 Nxb2 51. Rd2 f4 52. Kxa5 f3 53. Kb6 f2 54.
Rxf2 Nxf2 55. a5 Nc4+ 56. Kb5 Nxa5 57. Kxa5 Nh3 58. Kb4 Nxg5 0-1

[Event "Early-Titled-Tuesday-Blitz-September-05-2023"]
[Site "Chess.com"]
[Date "2023.09.05"]
[Round "2"]
[White "Mikedannnn"]
[Black "Anton_Demchenko"]
[Result "0-1"]
[WhiteElo "2615"]
[BlackElo "2933"]
[TimeControl "180+1"]
[EndTime "8:18:23 PDT"]
[Termination "Anton_Demchenko won on time"]

1. e4 e5 2. Nf3 Nc6 3. Bb5 a6 4.
Bxc6 dxc6 5. O-O Qf6 6. d3 c5 7. Be3 Bd6 8. Nbd2 Ne7 9. c3 Nc6 10. Nc4 Bg4 11. h3 Bxf3 12. Qxf3 Qxf3 13. gxf3 g5 14.
Rad1 O-O-O 15. Kh2 h6 16. Bc1 Rd7 17. a3 Rhd8 18. Ne3 Bf8 19. Nd5 Ne7 20. c4 Ng6 21. Be3 Kb8 22. Kg3 c6 23. Nc3 Rxd3 24. Rxd3 Rxd3 25.
Kg4 b5 26. Kf5 Be7 27. Kg4 Kc7 28. Rc1 Kd7 29. Ne2 b4 30. axb4 cxb4 31. Ra1 Rb3 32. Bc1 h5+ 33. Kxh5 Rxf3 34. Rxa6 Rxf2 35. Ng3 Rc2 36.
Be3 Rxb2 37. Nf5 Bf8 38. Ra7+ Kc8 39. Kxg5 b3 40. Kf6 Re2 41. Ra3 b2 42. Rb3 Ba3 43. Kxf7 Nf4 44. Bxf4 exf4 45. Ne7+ Kd7 46. Rb7+ Kd6 47.
Kf6 Kc5 48. Nf5 f3 49. e5 f2 0-1

[Event "Early-Titled-Tuesday-Blitz-September-05-2023"]
[Site "Chess.com"]
[Date "2023.09.05"]
[Round "2"]
[White "MatthewG-p4p"]
[Black "kikoveiga"]
[Result "1-0"]
[WhiteElo "2873"]
[BlackElo "2596"]
[TimeControl "180+1"]
[EndTime "8:18:23 PDT"]
[Termination "MatthewG-p4p won by checkmate"]

1. f4 g6 2. Nf3 Bg7 3. g3 c5 4. Bg2 Nc6 5. O-O Nf6 6. d3 d5 7. Nc3 d4 8. Na4 Qd6 9. e4 dxe3 10. Bxe3 b6 11. Nc3 O-O 12. Kh1 Bb7 13. Qd2 Rad8 14. Rae1 Nd4 15. Ne5 Bxg2+ 16. Qxg2 e6 17. Bxd4 cxd4 18.
Nb5 Qc5 19. Nxa7 Nd5 20. Nac6 Rc8 21. b4 Nxb4 22. Nxb4 Qxb4 23. Rb1 Qc5 24. Nd7 Qxc2 25. Nxf8 Bxf8 26. Qxc2 Rxc2 27. Rxb6 Rxa2 28. Rc1 Ra7 29. Rc4 Rd7 30. Ra6 Be7 31. Kg2 h5 32. Kf3 Kg7 33.
Ke4 Bf6 34. Rac6 Ra7 35. Rc7 Ra2 36. Rc2 Ra1 37. Re2 Rf1 38. Rd7 Kg8 39. h3 Rg1 40. Kf3 Rf1+ 41. Rf2 Rd1 42. Ke2 Rg1 43. Rf3 Rg2+ 44.
Kd1 Kg7 45. Rc7 Kg8 46. Rc2 Rg1+ 47. Kd2 Be7 48. Rc4 Rg2+ 49. Kc1 Bf6 50. Rc2 Rg1+ 51.
Kb2 Kg7 52. Kb3 e5 53. Rcf2 exf4 54. Rxf4 Be5 55. Rxf7+ Kh6 56. Re7 Bxg3 57. Rff7 Kg5 58. Re4 h4 59. Rg4+ Kh6 60. Rxd4 Rh1 61. Rg4 Rxh3 62. Rf6 Rh1 63. Rfxg6+ Kh5 64. R4g5# 1-0

[Event "Early-Titled-Tuesday-Blitz-September-05-2023"]
[Site "Chess.com"]
[Date "2023.09.05"]
[Round "2"]
[White "tk22h"]
[Black "assezde36"]
[Result "0-1"]
[WhiteElo "2421"]
[BlackElo "2770"]
[TimeControl "180+1"]
[EndTime "8:18:24 PDT"]
[Termination "assezde36 won by resignation"]

1. d4 Nf6 2. Nf3 e6 3. c4 b6 4.
g3 Ba6 5. Qa4 Bb7 6. Bg2 c5 7. O-O cxd4 8. Nxd4 Bxg2 9. Kxg2 Qc8 10. Nc3 Bc5 11. Nc2 Qb7+ 12. f3 O-O 13. Be3 Nc6 14. b4 Nxb4 15. Bxc5 bxc5 16. Rab1 Qc7 17. Nxb4 cxb4 18. Rxb4 Qe5 19. Qb3 Rab8 20. Rb5 Rxb5 21. cxb5 Rc8 22. Rc1 d5 23. Rc2 d4 24. Na4 Rxc2 25.
Qxc2 Qxb5 26. Qc8+ Qe8 27. Qa6 Qd7 28. Nc5 Qc7 29. Nb3 e5 30. Qb5 h5 31. h4 Qc2 32.
Qxe5 d3 33. Nd4 Qb2 34. Qe3 d2 35. Qd3 Qc1 36. Nb3 d1=Q 37. Nxc1 Qxc1 38. Qd8+ Kh7 39. Qd3+ Kh6 40. Qf5 Qd2 41. Kf1 Qd1+ 42. Kf2 Qd5 43. Qf4+ Kh7 44. Qa4 Qc5+ 45. Kg2 Nd5 46. Qe4+ g6 47. Qe8 Ne3+ 48. Kh2 Kg7 49. a4 Nf5 50. Kg2 Qd6 51. f4 Qd5+ 52. Kh2 Qb3 53. Qe5+ Kh7 54. Qf6 Qxg3+ 55. Kh1 Qh3+ 56. Kg1 Qg4+ 57. Kf1 Qxf4+ 58.
Ke1 Qc1+ 59. Kf2 Qe3+ 60. Ke1 Qe7 0-1

[Event "Early-Titled-Tuesday-Blitz-September-05-2023"]
[Site "Chess.com"]
[Date "2023.09.05"]
[Round "2"]
[White "LuisFSiles"]
[Black "LoaySameer"]
[Result "0-1"]
[WhiteElo "2359"]
[BlackElo "2536"]
[TimeControl "180+1"]
[EndTime "8:18:24 PDT"]
[Termination "LoaySameer won on time"]

1. e4 g6 2. Nc3 Bg7 3. f4 d6 4. Nf3 Nf6 5. Bc4 O-O 6. d3 c6 7.
Bb3 a5 8. a4 Na6 9. O-O Nc5 10.
Ba2 Be6 11. Bxe6 Nxe6 12. Kh1 d5 13. e5 Nd7 14. d4 f5 15. exf6 Rxf6 16. Ne5 Nxe5 17.
dxe5 Rf8 18. Qg4 Nd4 19. Bd2 Nxc2 20. Rac1 Nd4 21. Be3 Nf5 22. Bc5 b6 23. Bg1 e6 24.
Rcd1 Qe7 25. Bxb6 Rfb8 26. Bg1 Rxb2 27. Rb1 Qb4 28. Rxb2 Qxb2 29. Nd1 Qb3 30. Qe2 Qxa4 31. g4 Ne7 32. Bc5 Re8 33. Nc3 Qc4 34. Qxc4 dxc4 35. Ne4 Nd5 36. Nd6 Rb8 37. Nxc4 a4 38. Ra1 Nxf4 39.
h4 Nd3 40. Bd6 Ra8 41. Nb6 Ra6 42. Nxa4 Nb2 43. Rb1 Rxa4 44. Rxb2 h5 45. Rb8+ Kh7 46. Rb7 Kg8 47. Rb8+ Kh7 48. Rb7 Rxg4 49. Bf8 Rxh4+ 50. Kg2 Rg4+ 51. Kh3 Kh6 52. Bxg7+ Kg5 53. Bf6+ Kf5 54. Rc7 Rc4 55. Kg3 g5 56. Rg7 h4+ 57. Kh3 Rc3+ 58. Kh2 Rg3 59. Rc7 g4 60. Rxc6 Re3 0-1

[Event "Early-Titled-Tuesday-Blitz-September-05-2023"]
[Site "Chess.com"]
[Date "2023.09.05"]
[Round "2"]
[White "wonderfultime"]
[Black "Harry_Rakkel"]
[Result "1-0"]
[WhiteElo "2993"]
[BlackElo "2647"]
[TimeControl "180+1"]
[EndTime "8:18:27 PDT"]
[Termination "wonderfultime won on time"]

1. d4 Nf6 2. Nf3 d5 3. Bf4 e6 4. e3 Bd6 5. Bg3 b6 6. c4 O-O 7.
Nc3 Bb7 8. Rc1 Ne4 9. cxd5 exd5 10.
Bd3 a6 11. O-O Nxg3 12. hxg3 Nd7 13. Qb3 Nf6 14. Ne2 Re8 15. Nf4 Qd7 16. Qc3 g6 17.
Ne5 Qe7 18. Nc6 Qd7 19. Rc2 Ng4 20. Rfc1 Kg7 21. Qb3 Bxf4 22. gxf4 Rac8 23. Be2 h5 24. Bf3 Bxc6 25. Rxc6 Nf6 26. Qc2 Re7 27. Rxb6 cxb6 28. Qxc8 Qb5 29. b3 a5 30. Qc6 Qb4 31. Bxd5 Qa3 32.
Bf3 Qxa2 33. Qxb6 Qd2 34. Qc5 Rxe3 35. fxe3 Qxe3+ 36. Kh1 Qxf4 37. Qc7 Qh4+ 38. Qh2 Qxd4 39. Re1 Qc3 40. Qe5 Qxb3 41. Bxh5 Qb4 42. Bf3 a4 43. Ra1 Qh4+ 44. Kg1 Kg8 45. Rd1 a3 46. Qd4 Qg5 47. Qd8+ Kg7 48. Qd4 Qg3 49. Qc3 a2 50. Ra1 Qb8 51. Qd4 Qb1+ 52. Kh2 g5 53. Be2 Qh7+ 54.
Kg1 Qb1+ 55. Kf2 Kg6 56. Bd3+ Ne4+ 57. Bxe4+ 1-0

[Event "Early-Titled-Tuesday-Blitz-September-05-2023"]
[Site "Chess.com"]
[Date "2023.09.05"]
[Round "2"]
[White "MFatigue"]
[Black "valemava"]
[Result "1-0"]
[WhiteElo "2507"]
[BlackElo "2293"]
[TimeControl "180+1"]
[EndTime "8:18:28 PDT"]
[Termination "MFatigue won by checkmate"]

1. e4 c5 2. a3 Qa5 3. Nc3 a6 4. Nf3 b5 5. a4 b4 6. Nd5 Bb7 7. b3 e6 8. Ne3 Bxe4 9. Bb2 Nf6 10. d4 Nc6 11. Nc4 Qc7 12. dxc5 Bxc5 13. Be2 O-O 14. O-O d5 15. Ncd2 Bg6 16. h3 Rfd8 17. Nh4 d4 18. Nxg6 hxg6 19. Bf3 Rac8 20. Ne4 Nxe4 21. Bxe4 Ne7 22.
Qf3 Nf5 23. Rad1 Qe7 24. Rfe1 Rc7 25. Bd3 a5 26. Bc4 Qg5 27. Bc1 Qf6 28. Bf4 Bd6 29.
Bxd6 Rxd6 30. Qa8+ Kh7 31. Qxa5 Rcd7 32. Qxb4 Nh4 33.
Qd2 g5 34. Re4 e5 35. Rde1 Ng6 36. Bd3 Kg8 37. g3 Qe6 38. Qe2 f5 39. Rxe5 Qxe5 40.
Qxe5 Nxe5 41. Rxe5 g6 42. b4 Kg7 43. a5 Kf6 44. Rc5 Re7 45. b5 Re1+ 46. Kg2 Ra1 47. b6 g4 48. hxg4 fxg4 49. f3 gxf3+ 50. Kxf3 Re6 51. b7 Re3+ 52. Kf2 Rb1 53. a6 g5 54.
a7 Rd1 55. Rf5+ Ke6 56. b8=Q Rd2+ 57. Kf1 Rd1+ 58. Kg2 Rd2+ 59. Rf2 Rxf2+ 60. Kxf2 g4 61. Qe8+ Kd5 62. Qxe3 dxe3+ 63. Kxe3 Kc5 64. a8=Q Kb4 65. Qe4+ Kc3 66. Qxg4 Kb2 67. Qd7 Kc1 68. g4 Kb2 69. g5 Kc1 70. g6 Kd1 71. g7 Ke1 72. g8=Q Kd1 73. c4 Kc1 74. c5 Kb2 75. c6 Kc3 76. c7 Kb4 77. c8=Q Ka5 78. Qb5# 1-0

[Event "Early-Titled-Tuesday-Blitz-September-05-2023"]
[Site "Chess.com"]
[Date "2023.09.05"]
[Round "2"]
[White "Vaibhavraut99"]
[Black "RobertoJBM"]
[Result "1/2-1/2"]
[WhiteElo "2572"]
[BlackElo "2818"]
[TimeControl "180+1"]
[EndTime "8:18:30 PDT"]
[Termination "Game drawn by repetition"]

1. d4 d5 2. Nf3 Nf6 3. c3 Bf5 4.
Qb3 Qc8 5. Bf4 e6 6. e3 Bd6 7.
Bg3 O-O 8. Nbd2 Nbd7 9. Ne5 Ne4 10. Nxe4 Bxe4 11. Nxd7 Qxd7 12. Qd1 c5 13. Bd3 Bxd3 14. Qxd3 c4 15. Qc2 b5 16. e4 b4 17. O-O Bxg3 18. hxg3 a5 19. a3 Rab8 20. axb4 axb4 21.
Ra5 b3 22. Qe2 Ra8 23. Rfa1 Rxa5 24. Rxa5 h6 25. exd5 exd5 26. Qf3 Rd8 27. Kh2 Qe6 28. Ra7 g6 29. Qf4 Kg7 30. Rc7 Qf6 31. Rc5 h5 32. Kh3 Qe6+ 33. Kh2 Re8 34. Rc7 Re7 35. Rc5 Rd7 36.
Rc8 Rd6 37. Rc5 Qf6 38. Ra5 Qd8 39. Qe5+ Qf6 40. Rxd5 Rxd5 41. Qxd5 Qxf2 42. Qxc4 Qxb2 43. d5 Qc2 44. d6 b2 45. d7 Qd1 46. Qb4 b1=Q 47.
Qxb1 Qxb1 48. d8=Q Qe4 49. Qd6 f6 50. Qd7+ Kh6 51.
Qc7 g5 52. c4 h4 53. gxh4 Qxh4+ 54. Kg1 Qe1+ 55. Kh2 Qh4+ 56. Kg1 Qe1+ 57. Kh2 Kg6 58. c5 Qh4+ 59. Kg1 Qe1+ 60. Kh2 Qh4+ 61. Kg1 Qe1+ 62. Kh2 1/2-1/2

[Event "Early-Titled-Tuesday-Blitz-September-05-2023"]
[Site "Chess.com"]
[Date "2023.09.05"]
[Round "2"]
[White "malakismayil"]
[Black "milovichalex"]
[Result "1-0"]
[WhiteElo "2504"]
[BlackElo "2286"]
[TimeControl "180+1"]
[EndTime "8:18:30 PDT"]
[Termination "malakismayil won by checkmate"]

1. e4 e5 2. Nf3 Nc6 3. Bc4 Nf6 4. d3 Bc5 5. Nc3 a6 6. O-O d6 7. h3 h6 8. Be3 O-O 9. Qd2 Nd4 10. Bxd4 exd4 11. Ne2 c6 12. Nexd4 d5 13. exd5 Nxd5 14. Ne2 Qf6 15. Bxd5 cxd5 16. Nf4 Rd8 17. d4 Ba7 18. c3 Bf5 19. Ne5 Rac8 20. Rae1 Bb8 21. Nfd3 Qd6 22. f4 Be4 23. Nf2 Bh7 24. Nfg4 f6 25. Nd3 h5 26. Ngf2 Re8 27. Rxe8+ Rxe8 28. Re1 Rxe1+ 29. Qxe1 Kf7 30.
Qe2 Bg6 31. Qf3 Qe6 32. Nc5 Qe1+ 33. Kh2 h4 34. Qxd5+ Kf8 35. Qd8+ Be8 36. Nd7+ Kf7 37. Nxb8 Qxf2 38. Qc7+ Kg8 39. f5 Qxf5 40. c4 Qe4 41. d5 Bg6 42. Nd7 Qc2 43. Qc8+ Kh7 44. Nf8+ Kh6 45.
Nxg6 Kxg6 46. Qg4+ Kf7 47. Qxh4 Qxb2 48. Qe4 Qb6 49.
h4 Qc7+ 50. Kh3 Qc8+ 51. g4 Qd7 52. h5 Qa4 53. Qe6+ Kf8 54. d6 Qxa2 55. d7 Qd2 56.
Qe8# 1-0

[Event "Early-Titled-Tuesday-Blitz-September-05-2023"]
[Site "Chess.com"]
[Date "2023.09.05"]
[Round "2"]
[White "Boxerandchessplayer"]
[Black "Massakru"]
[Result "1-0"]
[WhiteElo "2081"]
[BlackElo "2427"]
[TimeControl "180+1"]
[EndTime "8:18:31 PDT"]
[Termination "Boxerandchessplayer won by resignation"]

1. d4 Nf6 2. Nf3 e6 3. c4 c5 4. d5 b5 5. dxe6 fxe6 6. cxb5 d5 7. e3 Bd6 8. b3 e5 9. Bb2 Nbd7 10. Nbd2 O-O 11. e4 Bb7 12. Bd3 dxe4 13. Bxe4 Nxe4 14. Nxe4 Bc7 15. Qe2 Ba5+ 16. Nfd2 Bxd2+ 17. Nxd2 Bxg2 18. Rg1 Bh3 19. O-O-O Bf5 20. Bxe5 Nxe5 21. Qxe5 Bg6 22. Nc4 Qh4 23. Qxc5 Rac8 24. Qd5+ Bf7 25. Qd4 Qh6+ 26. Kb2 Bxc4 27. bxc4 Rf4 28. Qd5+ Kh8 29. Qd8+ Rf8 30.
Qd4 Rce8 31. Rd2 Re7 32. Rgd1 Ref7 33. Rd3 Rxf2+ 34. Kb3 R2f3 35. a3 Rxd3+ 36. Rxd3 Qf6 37. Qxf6 gxf6 38. c5 f5 39. Rf3 f4 40. Kc4 Kg7 41. c6 Kg6 42. Kc5 Kf5 43. c7 Ke4 44. Rf1 f3 45. Kc6 Ke3 46. Kb7 Ke2 47. Rxf3 Kxf3 48.
c8=Q Rxc8 49. Kxc8 h5 50. Kb7 h4 51. Kxa7 h3 52. b6 Kg2 53. b7 Kxh2 54. b8=Q+ Kg1 55. Qb2 h2 56. Qxh2+ Kxh2 57. a4 Kg3 58. a5 Kf4 59. a6 Ke5 60. Kb7 Kd6 61. a7 1-0

[Event "Early-Titled-Tuesday-Blitz-September-05-2023"]
[Site "Chess.com"]
[Date "2023.09.05"]
[Round "2"]
[White "Iball95"]
[Black "gau248"]
[Result "1-0"]
[WhiteElo "2816"]
[BlackElo "2558"]
[TimeControl "180+1"]
[EndTime "8:18:33 PDT"]
[Termination "Iball95 won by checkmate"]

1. e4 c5 2. Nc3 Nc6 3. Nf3 e6 4. d4 cxd4 5. Nxd4 Nf6 6. Bf4 d6 7. Nxc6 bxc6 8. e5 Nd5 9. Nxd5 cxd5 10. Bd3 Ba6 11. O-O Bxd3 12. Qxd3 Be7 13. Qg3 dxe5 14. Bxe5 Bf6 15. Bd6 Qb6 16. c4 dxc4 17. Rac1 Rc8 18. Rc2 Rc6 19. Ba3 Kd7 20. Rfc1 Rhc8 21. h3 Ke8 22. Qg4 Qb5 23. Qe4 g6 24. Qe3 a5 25.
Qh6 Be7 26. Bxe7 Kxe7 27. Qxh7 a4 28. Rd1 Qf5 29. Rcd2 R6c7 30. Qh4+ g5 31. Qd4 Qf6 32. Qd6+ Ke8 33. Qb4 a3 34. Qxa3 c3 35. bxc3 Qxc3 36. Qd6 Qf6 37. a4 Qe7 38. Qd4 e5 39. Qg4 Rc1 40.
Kh2 e4 41. g3 Kf8 42. Qh5 Kg7 43. Rd7 Qf6 44. Qe2 R1c2 45. R1d2 Rxd2 46. Rxd2 Re8 47.
Qe3 Re5 48. Ra2 Rf5 49. a5 Qe6 50. Qc3+ Kg6 51. Qd2 Rf3 52. a6 g4 53. h4 e3 54.
fxe3 Qe5 55. Qd3+ Kh5 56. Rg2 Rxe3 57. Qh7# 1-0

[Event "Early-Titled-Tuesday-Blitz-September-05-2023"]
[Site "Chess.com"]
[Date "2023.09.05"]
[Round "2"]
[White "WindWhistler11"]
[Black "DarZay"]
[Result "1-0"]
[WhiteElo "2486"]
[BlackElo "2262"]
[TimeControl "180+1"]
[EndTime "8:18:33 PDT"]
[Termination "WindWhistler11 won on time"]

1. Nf3 Nf6 2. g3 d5 3. b3 c5 4. Bb2 Nc6 5. d4 cxd4 6. Nxd4 Nxd4 7. Qxd4 e6 8. Bg2 Qc7 9. O-O Bc5 10. Qd3 O-O 11. Bxf6 gxf6 12. Nd2 Bd7 13. c4 dxc4 14. Qxc4 Rac8 15. Rac1 e5 16. Qh4 Qb6 17. Nc4 Qa6 18.
Be4 f5 19. Nxe5 Be6 20. Qg5+ Kh8 21. Bxf5 f6 22. Qh5 Bxf5 23. Qxf5 fxe5 24. Qxe5+ Qf6 25. Rxc5 Qxe5 26. Rxe5 Rc2 27. a4 Rb2 28. Re3 Rc8 29. Rd1 Rcc2 30. Kf1 Rc7 31. Rd5 Kg7 32. h4 Rb1+ 33. Kg2 b6 34. Rg5+ Kf6 35. Rh5 Kg6 36. Rg5+ Kf6 37. Rf3+ Ke6 38. Rh5 Kd6 39. Rf6+ Ke7 40.
Rfh6 Rxb3 41. Rxh7+ Kd8 42. Rh8+ Kd7 43. R5h7+ Kc6 44.
Rh6+ Kb7 45. h5 Rc2 46. R8h7+ Ka6 47. Re7 Rbb2 48. Rhh7 Ka5 49. Rxa7+ Kb4 50. Rab7 Ka5 51. Ra7+ Kb4 52. a5 Rxe2 53. Rhf7 bxa5 54. Rab7+ Kc3 55. Rbc7+ Kd3 56. h6 a4 57. h7 Re8 58. Rcd7+ Kc3 59. Ra7 Kb4 60. Rfb7+ Ka3 61. Rg7 Kb3 62. Rg8 Ree2 63.
Rf8 1-0

[Event "Early-Titled-Tuesday-Blitz-September-05-2023"]
[Site "Chess.com"]
[Date "2023.09.05"]
[Round "2"]
[White "KatakuriDono"]
[Black "ActorXu"]
[Result "0-1"]
[WhiteElo "2323"]
[BlackElo "2722"]
[TimeControl "180+1"]
[EndTime "8:18:34 PDT"]
[Termination "ActorXu won by checkmate"]

1. d4 Nf6 2. c4 e6 3. Nf3 d5 4. g3 Be7 5. Bg2 O-O 6. O-O dxc4 7. Ne5 Nc6 8. Nxc6 bxc6 9. Na3 Bxa3 10. bxa3 Ba6 11.
Qd2 Rb8 12. Qa5 Qc8 13. a4 Nd5 14. Ba3 Rd8 15. Bc5 c3 16. Rfe1 Rb2 17. e4 Nb6 18.
Qxc3 Nxa4 19. Qa3 Nxc5 20. Qxb2 Nd3 21. Qc3 Nxe1 22. Rxe1 Qb7 23. e5 Qb6 24. Bxc6 Qxd4 25. Qa3 Bc4 26. Qe7 Qd2 27. Rb1 h6 28. Be8 Qd3 29.
Bxf7+ Kh7 30. Re1 Rd7 31. Qf8 Rd8 32. Qe7 Qd7 33. Qc5 Bxa2 34. Bh5 Bd5 35. Qc2+ Kh8 36. Rb1 a5 37. Ra1 Ra8 38. Qg6 a4 39. Be2 Qe8 40. Qc2 a3 41. Qd3 a2 42. Bd1 Qc6 43.
Bc2 Kg8 44. Qh7+ Kf8 45. Qd3 Qc4 46. Qd2 Bc6 47. Qf4+ Qxf4 48. gxf4 Bd5 49. Kf1 Rb8 50.
Ke2 Rb4 51. Ke3 Ke7 52. h4 c5 53. Rg1 Rb2 54. Kd2 Be4 55. Rxg7+ Kf8 56. Ra7 Rxc2+ 57. Ke3 Bd5 58. f5 Rc1 59. fxe6 a1=Q 60. Rf7+ Ke8 61. Rh7 Qd4+ 62. Ke2 Rc2+ 63. Kf1 Qa1# 0-1